[Event "Titled Tuesday Blitz June 14 Early 2022"]
[White "Zierk, Steven"]
[Black "Madaminov, Mukhiddin"]
[WhiteFideId "2034255"]
[BlackFideId "14210703"]
[WhiteElo "2494"]
[BlackElo "1916"]
[Result "1/2-1/2"]
[Round "05"]
[TimeControl "180+1"]
[Date "2022.06.14"]
[WhiteClock "0:00:07"]
[BlackClock "0:00:19"]

1. d4 Nf6 2. c4 e6 3. Nf3 b6 4. g3 Ba6 5. b3 Bb4+ 6. Bd2 Be7 7. Bg2 O-O 8. O-O c6 9. Bc3 d5 10. Nbd2 Nbd7 11. Re1 b5 12. c5 Bb7 13. b4 Kh8 14. a4 a6 15. Nb3 Ne4 16. Bb2 Rb8 17. Ne5 f5 18. axb5 axb5 19. Ra7 Nxe5 20. dxe5 Qc8 21. Nd4 Ra8 22. Rxa8 Bxa8 23. Qc2 Bb7 24. Ra1 Bd8 25. h4 Bc7 26. Nb3 Bb8 27. Qd3 Qe8 28. Qf3 h6 29. Qe3 g5 30. Bxe4 f4 31. gxf4 gxf4 32. Qh3 dxe4 33. Kf1 Bc8 34. Rd1 Qg6 35. Qg2 Qf5 36. Nd4 f3 37. Qg3 fxe2+ 38. Kxe2 Qh5+ 39. Kd2 Rg8 40. Qe3 Bxe5 41. Kc2 Rg2 42. Nxc6 Bxb2 43. Rd8+ Kh7 44. Kxb2 Qf7 45. Rd2 Bb7 46. Nd8 Qg7+ 47. Kc2 Bd5 48. Nxe6 Bxe6 49. Qxe4+ Qg6 50. Qxg6+ Kxg6 51. c6 Kf6 52. c7 Ke7 53. Rd8 Rxf2+ 54. Kd3 Rf4 55. c8=Q Bxc8 56. Rxc8 Rxb4 57. Rb8 Kd6 58. Rb6+ Kc5 59. Rxh6 Rb3+ 60. Kc2 Rh3 61. Rh8 Kc4 62. Rc8+ Kb4 63. Kb2 Rh2+ 64. Rc2 Rxh4 65. Rg2 Rc4 66. Rh2 Ka4 67. Rg2 b4 68. Rh2 Rc3 69. Rg2 Rb3+ 70. Ka2 Ra3+ 71. Kb2 Rc3 72. Rh2 Rc5 73. Rh8 Kb5 74. Rb8+ Kc4 75. Rh8 Rd5 76. Rh4+ Kb5 77. Rh8 Rd2+ 78. Kb3 Rd3+ 79. Kb2 Rd5 80. Rb8+ Kc4 81. Rc8+ Kb5 82. Rb8+ Ka4 83. Ra8+ Ra5 84. Rxa5+ Kxa5 85. Kb3 Kb5 86. Kb2 Kc4 87. Kc2 Kd4 88. Kb3 Kc5 89. Kb2 Kb5 90. Kb3 Ka5 91. Kb2 Ka4 92. Ka2 b3+ 93. Kb2 Kb4 94. Kb1 Ka3 95. Ka1 Ka4 96. Kb2 Kb4 97. Kb1 Kc3 98. Kc1 Kc4 99. Kb2 Kb4 1/2-1/2


[Site "https://www.chess.com"]

[Event "Titled Tuesday Blitz June 14 Early 2022"]
[White "Aditya Mittal"]
[Black "Williams, Simon K"]
[WhiteFideId "35042025"]
[BlackFideId "404454"]
[WhiteElo "2303"]
[BlackElo "2468"]
[Result "1-0"]
[Round "06"]
[TimeControl "180+1"]
[Date "2022.06.14"]
[WhiteClock "0:00:03"]
[BlackClock "0:00:02"]

1. d4 e6 2. c4 f5 3. Nf3 Nf6 4. g3 Be7 5. Bg2 O-O 6. O-O d6 7. b3 Ne4 8. Bb2 Bf6 9. Nbd2 Nc6 10. a3 Nxd2 11. Qxd2 e5 12. Rfd1 Qe7 13. d5 Nd8 14. b4 Nf7 15. Rac1 Bd7 16. c5 Ba4 17. Re1 g5 18. h3 h5 19. e3 g4 20. Nh2 e4 21. Bxf6 Qxf6 22. cxd6 cxd6 23. Rc7 Rfc8 24. Rxb7 Rc2 25. Qd4 Qxd4 26. exd4 Rac8 27. Nf1 Rc1 28. Rxc1 Rxc1 29. h4 a6 30. Kh2 Rc2 31. Kg1 Rc1 32. Kh2 Rc2 33. Ne3 Rxf2 34. Kg1 Re2 35. Nxf5 Bb5 36. Re7 Bd3 37. a4 Rb2 38. Bxe4 Bxe4 39. Rxe4 Rxb4 40. Re6 Rxa4 41. Kf2 a5 42. Ke3 Ra3+ 43. Ke4 a4 44. Nxd6 Nxd6+ 45. Rxd6 Rxg3 46. Kf5 Kf7 47. Rd7+ Ke8 48. Ra7 a3 49. d6 Re3 50. Kf4 Rd3 51. Ke5 Re3+ 52. Kf4 Rd3 53. Ke5 Rb3 54. d5 g3 55. d7+ Kd8 56. Ke6 Rb8 57. Rxa3 g2 58. Rg3 Kc7 59. Rxg2 Rb6+ 60. Ke5 Kxd7 61. Rg5 1-0


[Site "https://www.chess.com"]

[Event "Titled Tuesday Blitz June 14 Early 2022"]
[White "Andreikin, Dmitry"]
[Black "Priyanka Nutakki"]
[WhiteFideId "4158814"]
[BlackFideId "25049615"]
[WhiteElo "2736"]
[BlackElo "1912"]
[Result "1-0"]
[Round "06"]
[TimeControl "180+1"]
[Date "2022.06.14"]
[WhiteClock "0:01:06"]
[BlackClock "0:00:04"]

1. e4 e6 2. d4 d5 3. Nc3 Nf6 4. e5 Nfd7 5. f4 c5 6. Nf3 Nc6 7. Be3 Be7 8. Qd2 O-O 9. Be2 b6 10. O-O f5 11. exf6 Nxf6 12. Rad1 c4 13. Ne5 Bb7 14. a3 a6 15. Qe1 b5 16. Qg3 b4 17. axb4 Bxb4 18. Qh3 Qe7 19. Na4 Rae8 20. b3 cxb3 21. cxb3 Na5 22. Bd3 Ne4 23. Nc5 g6 24. Ncd7 Nxb3 25. Nxf8 Rxf8 26. Qh6 a5 27. Rb1 Nbd2 28. Bxd2 Bxd2 29. Nxg6 Be3+ 30. Kh1 hxg6 31. Qxg6+ Kh8 32. Bxe4 dxe4 33. Rb3 Rf6 34. Qh5+ 1-0


[Site "https://www.chess.com"]

[Event "Titled Tuesday Blitz June 14 Early 2022"]
[White "Avinash, Ramesh"]
[Black "Shubin, Kirill"]
[WhiteFideId "45018340"]
[BlackFideId "34119962"]
[WhiteElo "1875"]
[BlackElo "2474"]
[Result "1-0"]
[Round "06"]
[TimeControl "180+1"]
[Date "2022.06.14"]
[WhiteClock "0:00:36"]
[BlackClock "0:00:05"]

1. d4 e6 2. e4 d5 3. Nc3 Bb4 4. e5 b6 5. Bd2 Ne7 6. Nf3 Bxc3 7. bxc3 Ba6 8. Bxa6 Nxa6 9. Qe2 Nb8 10. h4 h6 11. h5 c5 12. a4 Nbc6 13. Kd1 Qd7 14. g4 Rc8 15. Rg1 Na5 16. Qb5 Nc4 17. Qxd7+ Kxd7 18. g5 Nf5 19. g6 fxg6 20. Rxg6 Rhf8 21. Ke2 Rf7 22. Rag1 Rcf8 23. Bc1 a5 24. R1g2 cxd4 25. cxd4 Rc8 26. Kd3 Ke8 27. Rxe6+ Kf8 28. Reg6 Rfc7 29. e6 Ncd6 30. Ne1 Rc3+ 31. Ke2 Nxd4+ 32. Kf1 N6f5 33. Bf4 Ke7 34. Be5 R3c4 35. Bxg7 Nxc2 36. Bxh6 Nxe1 37. Bg5+ Kd6 38. e7+ Kd7 39. Kxe1 Re4+ 40. Kf1 d4 41. Rxb6 d3 42. Rb5 Rxa4 43. Rd5+ Ke6 44. Rxd3 Rc2 45. e8=Q+ 1-0


[Site "https://www.chess.com"]

[Event "Titled Tuesday Blitz June 14 Early 2022"]
[White "Bachmann, Axel"]
[Black "Terry, Renato"]
[WhiteFideId "3700488"]
[BlackFideId "3803457"]
[WhiteElo "2587"]
[BlackElo "2577"]
[Result "0-1"]
[Round "06"]
[TimeControl "180+1"]
[Date "2022.06.14"]
[WhiteClock "0:00:03"]
[BlackClock "0:00:50"]

1. c4 b6 2. Nc3 Bb7 3. d4 e6 4. a3 Nf6 5. Nf3 g6 6. Bg5 h6 7. Bd2 Bg7 8. Qc2 d6 9. e4 Nbd7 10. Bd3 e5 11. d5 a5 12. Na4 O-O 13. b4 Nh5 14. bxa5 Nf4 15. O-O f5 16. Bxf4 exf4 17. Rae1 Rxa5 18. exf5 g5 19. Re6 g4 20. Nd2 Ne5 21. Nc3 Rxa3 22. Ndb1 Ra1 23. Qe2 Bc8 24. Qe4 Bxe6 25. fxe6 Nxd3 26. Qxd3 Qg5 27. Ne4 Qf5 28. Nbd2 Rxf1+ 29. Kxf1 f3 30. g3 Ra8 31. Kg1 Ra1+ 32. Nf1 Re1 33. e7 Qxe4 0-1


[Site "https://www.chess.com"]

[Event "Titled Tuesday Blitz June 14 Early 2022"]
[White "Beerdsen, Thomas"]
[Black "Sadhwani, Raunak"]
[WhiteFideId "1030108"]
[BlackFideId "35093487"]
[WhiteElo "2585"]
[BlackElo "2616"]
[Result "0-1"]
[Round "06"]
[TimeControl "180+1"]
[Date "2022.06.14"]
[WhiteClock "0:02:15"]
[BlackClock "0:02:40"]

1. g4 d5 2. Bg2 Bxg4 3. c4 c6 4. cxd5 cxd5 5. Qb3 Nf6 6. Nc3 e6 7. Qxb7 Nbd7 8. Nf3 Be7 9. b3 O-O 10. Bb2 Nc5 11. Qb5 Rb8 12. Qc6 Bxf3 13. Bxf3 Rb6 0-1


[Site "https://www.chess.com"]

[Event "Titled Tuesday Blitz June 14 Early 2022"]
[White "Bharath Subramaniyam H"]
[Black "Kollars, Dmitrij"]
[WhiteFideId "46634827"]
[BlackFideId "12909572"]
[WhiteElo "2242"]
[BlackElo "2584"]
[Result "1/2-1/2"]
[Round "06"]
[TimeControl "180+1"]
[Date "2022.06.14"]
[WhiteClock "0:00:09"]
[BlackClock "0:00:42"]

1. c4 e5 2. Nf3 e4 3. Nd4 Nc6 4. e3 Nxd4 5. exd4 Nf6 6. Nc3 c6 7. d3 Bb4 8. Bd2 exd3 9. Bxd3 O-O 10. O-O d5 11. c5 Re8 12. Bg5 h6 13. Bh4 Ba5 14. a3 Bc7 15. b4 a6 16. Qd2 Bxh2+ 17. Kxh2 Ng4+ 18. Kg3 g5 19. Bxg5 hxg5 20. Rae1 Qc7+ 21. f4 Bd7 22. Re5 gxf4+ 23. Qxf4 Nxe5 24. Rh1 Rac8 25. Rh8+ Kxh8 26. Qh6+ Kg8 27. Bh7+ Kh8 28. Bg6+ Kg8 29. Bh7+ Kh8 30. Bb1+ Kg8 31. Bh7+ 1/2-1/2


[Site "https://www.chess.com"]

[Event "Titled Tuesday Blitz June 14 Early 2022"]
[White "Bluebaum, Matthias"]
[Black "Xiong, Jeffery"]
[WhiteFideId "24651516"]
[BlackFideId "2047640"]
[WhiteElo "2556"]
[BlackElo "2714"]
[Result "1/2-1/2"]
[Round "06"]
[TimeControl "180+1"]
[Date "2022.06.14"]
[WhiteClock "0:02:27"]
[BlackClock "0:02:41"]

1. d4 Nf6 2. c4 g6 3. Nc3 d5 4. cxd5 Nxd5 5. e4 Nxc3 6. bxc3 Bg7 7. Nf3 c5 8. Bb5+ Nc6 9. O-O O-O 10. Bxc6 bxc6 11. Qc2 Ba6 12. Re1 Qa5 13. a4 cxd4 14. cxd4 Bxd4 15. Bd2 Qc5 16. Nxd4 Qxd4 17. Be3 Qc4 18. Qxc4 Bxc4 19. Rec1 1/2-1/2


[Site "https://www.chess.com"]

[Event "Titled Tuesday Blitz June 14 Early 2022"]
[White "Bortnyk, Mykola"]
[Black "Gubajdullin, Alexei"]
[WhiteFideId "14120836"]
[BlackFideId "4141202"]
[WhiteElo "2582"]
[BlackElo "2280"]
[Result "1-0"]
[Round "06"]
[TimeControl "180+1"]
[Date "2022.06.14"]
[WhiteClock "0:00:37"]
[BlackClock "0:00:34"]

1. e4 g6 2. d4 Bg7 3. Nc3 d6 4. Be3 c6 5. h3 Qb6 6. Bc4 Qxb2 7. Nge2 Qb4 8. Qd3 Nf6 9. O-O O-O 10. a4 Qa5 11. Rfb1 d5 12. exd5 cxd5 13. Bxd5 Nxd5 14. Rb5 Nb4 15. Qc4 Be6 16. d5 Bxd5 17. Nxd5 Qd8 18. Qxb4 Bxa1 19. Nxe7+ Kg7 20. Qh4 Nd7 21. c3 h5 22. Rxh5 Rh8 23. Nf5+ gxf5 24. Qg3+ Kf6 25. Bg5+ Ke6 26. Nf4+ Kd6 27. Bxd8 Rhxd8 28. Rxf5 Nc5 29. Nd3+ Ke6 30. Qe5+ Kd7 31. Rxf7+ Kc6 32. Qxc5# 1-0


[Site "https://www.chess.com"]

[Event "Titled Tuesday Blitz June 14 Early 2022"]
[White "Daneshvar, Bardiya"]
[Black "Yang, Kaiqi"]
[WhiteFideId "12576468"]
[BlackFideId "8604398"]
[WhiteElo "2303"]
[BlackElo "2373"]
[Result "1-0"]
[Round "06"]
[TimeControl "180+1"]
[Date "2022.06.14"]
[WhiteClock "0:00:40"]
[BlackClock "0:00:21"]

1. Nf3 Nf6 2. b3 g6 3. Bb2 Bg7 4. g3 d6 5. d4 O-O 6. Bg2 Nbd7 7. O-O e5 8. dxe5 Ng4 9. Qd2 Re8 10. c4 Ndxe5 11. Nxe5 Nxe5 12. Nc3 Rb8 13. Rad1 Bd7 14. Nd5 Bc6 15. Bd4 a6 16. h3 Nd7 17. Bxg7 Kxg7 18. e3 f6 19. Qa5 Nc5 20. Qxc7+ Qxc7 21. Nxc7 Re7 22. Nd5 Re5 23. Nb6 Rd8 24. Rd2 Kf8 25. Rfd1 Ke7 26. Nd5+ Bxd5 27. Bxd5 a5 28. Kg2 b6 29. Rd4 Kd7 30. Bf3 Kc7 31. Rf4 f5 32. Bd5 g5 33. Rfd4 h6 34. Bf3 Rd7 35. h4 Rd8 36. hxg5 hxg5 37. Rh1 Ne6 38. Rd2 Rd7 39. Rh6 f4 40. exf4 gxf4 41. Bg4 Re7 42. Rxe6 R7xe6 43. gxf4 Re4 44. Bxe6 Rxe6 45. Kf3 Kc6 46. f5 Re5 47. Kf4 Kc5 48. f6 1-0


[Site "https://www.chess.com"]

[Event "Titled Tuesday Blitz June 14 Early 2022"]
[White "De Silva, L M S T"]
[Black "Livaic, Leon"]
[WhiteFideId "9953698"]
[BlackFideId "14531534"]
[WhiteElo "1631"]
[BlackElo "2540"]
[Result "0-1"]
[Round "06"]
[TimeControl "180+1"]
[Date "2022.06.14"]
[WhiteClock "0:00:05"]
[BlackClock "0:01:25"]

1. e4 c6 2. d4 d5 3. Nc3 dxe4 4. Nxe4 Bf5 5. Ng3 Bg6 6. h4 h6 7. Nf3 Nd7 8. h5 Bh7 9. Bd3 Bxd3 10. Qxd3 e6 11. Bd2 Ngf6 12. O-O-O Be7 13. Kb1 Qb6 14. Ne4 c5 15. dxc5 Nxc5 16. Nxc5 Bxc5 17. Be3 Bxe3 18. fxe3 O-O 19. g4 Rad8 20. Qe2 Rxd1+ 21. Rxd1 Nxg4 22. Nd4 f5 23. e4 Kh8 24. exf5 exf5 25. b3 Qf6 26. Nf3 Qf7 27. Nh4 Qxh5 28. Qe7 Re8 29. Rd8 Rxd8 30. Qxd8+ Kh7 31. Kb2 Nf6 32. Ng2 Qe2 33. Nf4 Qe5+ 34. c3 Qxf4 35. a4 Qf2+ 36. Ka3 Qc5+ 37. Kb2 f4 38. a5 Qf5 39. a6 bxa6 40. b4 f3 41. b5 f2 42. bxa6 f1=Q 0-1


[Site "https://www.chess.com"]

[Event "Titled Tuesday Blitz June 14 Early 2022"]
[White "Dubov, Daniil"]
[Black "Hakobyan, Aram"]
[WhiteFideId "24126055"]
[BlackFideId "13306677"]
[WhiteElo "2791"]
[BlackElo "2557"]
[Result "1-0"]
[Round "06"]
[TimeControl "180+1"]
[Date "2022.06.14"]
[WhiteClock "0:00:06"]
[BlackClock "0:00:06"]

1. d4 d5 2. c4 e6 3. Nf3 Nf6 4. g3 Be7 5. Bg2 O-O 6. O-O dxc4 7. Qc2 b5 8. a4 b4 9. Nbd2 Bb7 10. Nxc4 c5 11. dxc5 Be4 12. Qd2 Bxc5 13. Nfe5 Bxg2 14. Qxd8 Rxd8 15. Kxg2 Nbd7 16. Nd3 Rac8 17. Na5 Bf8 18. Be3 Nb6 19. Rfc1 Nfd5 20. Bxb6 Nxb6 21. Nc6 Rd6 22. Nxa7 Rxc1 23. Nxc1 Nc4 24. Nd3 Ra6 25. Nb5 b3 26. Nd4 Nd2 27. a5 g5 28. Rd1 Nc4 29. Nxb3 Kg7 30. Rc1 Nd6 31. Rc7 Nb5 32. Rb7 Nd6 33. Rd7 Nc4 34. Rd4 Nd6 35. Ndc5 Ra8 36. a6 Nb5 37. Rd7 Kg6 38. Rb7 Nd6 39. Rd7 Nb5 40. Rb7 Nd6 41. Rb4 Nf5 42. Ra4 Ne7 43. Nd7 Nd5 44. Ne5+ Kg7 45. Nc4 Be7 46. Nd4 Nc7 47. Nc6 Bc5 48. a7 Nb5 49. Ra5 Nxa7 50. Rxc5 Rc8 51. N4a5 Kf6 52. b4 Rc7 53. Nxa7 Rxa7 54. Rc2 Rb7 55. Rb2 Rb5 56. Nc4 h5 57. Na3 Rb8 58. b5 Ke5 59. b6 Kd5 60. b7 Kc6 61. Nc4 f6 62. Kf3 Kc5 63. Ne3 f5 64. h3 Kd4 65. h4 g4+ 66. Kf4 Kc3 67. Rb6 Kd2 68. Nxf5 exf5 69. Kxf5 Kxe2 70. Kf4 Kxf2 71. Rb2+ Kg1 72. Kg5 Rxb7 73. Rxb7 Kh2 74. Rb3 Kg2 75. Kxh5 Kh3 76. Kg5 Kg2 77. h5 1-0


[Site "https://www.chess.com"]

[Event "Titled Tuesday Blitz June 14 Early 2022"]
[White "Durarbayli, Vasif"]
[Black "Csonka, Balazs"]
[WhiteFideId "13402935"]
[BlackFideId "742910"]
[WhiteElo "2528"]
[BlackElo "2404"]
[Result "1-0"]
[Round "06"]
[TimeControl "180+1"]
[Date "2022.06.14"]
[WhiteClock "0:00:11"]
[BlackClock "0:00:06"]

1. e4 c5 2. Nf3 Nc6 3. Bb5 e6 4. O-O Nge7 5. Re1 Nd4 6. Nxd4 cxd4 7. c3 a6 8. Bf1 Nc6 9. Qg4 g6 10. e5 Qb6 11. Na3 Bxa3 12. bxa3 Qc5 13. Qf4 b5 14. Rb1 O-O 15. cxd4 Qxd4 16. Re4 Qc5 17. d4 Qc2 18. Rb2 Qc3 19. Rb3 Qc2 20. Rh3 f5 21. exf6 Rf7 22. d5 Nd8 23. Re2 Qd1 24. dxe6 Nxe6 25. Qe3 Bb7 26. Bb2 Rc8 27. Rd2 Qb1 28. Rg3 Rc2 29. Rxc2 Qxc2 30. Qc3 Qxc3 31. Bxc3 d5 32. Rd3 d4 33. Bxd4 Nxd4 34. Rxd4 Rxf6 35. a4 bxa4 36. Rxa4 Rb6 37. Bc4+ Kg7 38. Bb3 Bd5 39. Ra3 Bxb3 40. axb3 Kf6 41. Kf1 Ke5 42. Ke2 Kd4 43. Kd2 Rf6 44. f3 Re6 45. Ra4+ Kc5 46. Rc4+ Kb5 47. Re4 Rd6+ 48. Kc3 Rc6+ 49. Kb2 Rd6 50. Kc3 Rc6+ 51. Rc4 Rxc4+ 52. bxc4+ Kc5 53. f4 a5 54. g4 a4 55. f5 gxf5 56. gxf5 a3 57. Kb3 a2 58. Kxa2 Kxc4 59. f6 1-0


[Site "https://www.chess.com"]

[Event "Titled Tuesday Blitz June 14 Early 2022"]
[White "Fedoseev, Vladimir"]
[Black "Jobava, Baadur"]
[WhiteFideId "24130737"]
[BlackFideId "13601520"]
[WhiteElo "2726"]
[BlackElo "2617"]
[Result "1/2-1/2"]
[Round "06"]
[TimeControl "180+1"]
[Date "2022.06.14"]
[WhiteClock "0:00:17"]
[BlackClock "0:00:16"]

1. d4 Nf6 2. c4 c5 3. d5 e6 4. Nc3 exd5 5. cxd5 g6 6. e4 d6 7. Nf3 Bg7 8. Nd2 Nbd7 9. Be2 O-O 10. O-O Re8 11. Qc2 a6 12. a4 Rb8 13. Nc4 Ne5 14. Nxe5 Rxe5 15. Bf4 Re8 16. Rfe1 Qe7 17. Bf3 Nd7 18. a5 Ne5 19. Be2 b5 20. axb6 Rxb6 21. Ra3 h5 22. Rb3 Rxb3 23. Qxb3 h4 24. Be3 g5 25. Qd1 h3 26. g4 Ng6 27. f3 Be5 28. Bf1 Kg7 29. Ne2 Bxb2 30. Qd2 Bf6 31. Ng3 Ne5 32. Qe2 Kg8 33. Bxh3 Bd7 34. Bf1 Bb5 35. Qg2 c4 36. Nf5 Qf8 37. h4 gxh4 38. g5 Bh8 39. f4 Ng6 40. Nh6+ Kh7 41. f5 Ne5 42. Qh3 Bg7 43. Ng4 Nxg4 44. Qxg4 Be5 45. Qxh4+ Kg8 46. Kf2 Qg7 47. Be2 Qh8 48. Qxh8+ Kxh8 49. Rh1+ Kg8 50. f6 c3 51. Bg4 c2 52. Bf5 Bd3 53. Bh7+ Kf8 54. Bf5 Kg8 55. Kf3 Rb8 56. Bh7+ Kf8 57. Bf5 Kg8 58. Bh7+ Kf8 59. Bf5 Kg8 1/2-1/2


[Site "https://www.chess.com"]

[Event "Titled Tuesday Blitz June 14 Early 2022"]
[White "Grischuk, Alexander"]
[Black "Sanal, Vahap"]
[WhiteFideId "4126025"]
[BlackFideId "6300545"]
[WhiteElo "2762"]
[BlackElo "2574"]
[Result "1-0"]
[Round "06"]
[TimeControl "180+1"]
[Date "2022.06.14"]
[WhiteClock "0:00:21"]
[BlackClock "0:00:02"]

1. d4 Nf6 2. c4 e6 3. Nc3 Bb4 4. e3 O-O 5. Bd3 d5 6. a3 Bxc3+ 7. bxc3 c5 8. cxd5 exd5 9. Ne2 b6 10. O-O Ba6 11. f3 Re8 12. Ng3 Bxd3 13. Qxd3 Nc6 14. Bb2 Na5 15. Rae1 Rc8 16. e4 cxd4 17. cxd4 Nc4 18. Bc1 b5 19. e5 Nd7 20. f4 Qb6 21. Kh1 f6 22. Qf3 Qxd4 23. Nf5 Qc5 24. Qg4 Qf8 25. Nh6+ Kh8 26. Qxd7 gxh6 27. Qxd5 Rc5 28. Qd4 Rd8 29. Qa1 fxe5 30. fxe5 Qg7 31. Bf4 Rg8 32. Re2 Rd5 33. Qc3 h5 34. Qf3 Rd4 35. e6 h4 36. h3 Rdd8 37. Qc6 Rde8 38. Qxb5 Qd4 39. e7 Rg7 40. Qxe8+ 1-0


[Site "https://www.chess.com"]

[Event "Titled Tuesday Blitz June 14 Early 2022"]
[White "Hesham, Abdelrahman"]
[Black "Tan, Zhongyi"]
[WhiteFideId "10600183"]
[BlackFideId "8603642"]
[WhiteElo "2506"]
[BlackElo "2510"]
[Result "1-0"]
[Round "06"]
[TimeControl "180+1"]
[Date "2022.06.14"]
[WhiteClock "0:00:05"]
[BlackClock "0:00:02"]

1. e4 e5 2. Nf3 Nf6 3. Nxe5 d6 4. Nf3 Nxe4 5. d4 d5 6. Bd3 Bd6 7. O-O O-O 8. c4 c6 9. Nc3 Nxc3 10. bxc3 dxc4 11. Bxc4 Bf5 12. Bg5 Qa5 13. Qd2 Be4 14. Nh4 Nd7 15. Rfe1 Rae8 16. Bf4 Bxf4 17. Qxf4 Qxc3 18. Rac1 Qxd4 19. Nf5 Qe5 20. Qxe5 Rxe5 21. Nd6 Bd5 22. Bxd5 cxd5 23. Nxb7 Rb8 24. Na5 g6 25. Nc6 Rxe1+ 26. Rxe1 Rb2 27. a4 Ra2 28. a5 Kg7 29. g4 Nf6 30. f3 h6 31. Re7 a6 32. Ra7 d4 33. Nxd4 Rxa5 34. Ne6+ Kg8 35. Nd8 Ra1+ 36. Kg2 Nd5 37. Nxf7 h5 38. Nh6+ Kf8 39. gxh5 gxh5 40. Nf5 a5 41. Nd4 a4 42. Kh3 a3 43. Nc2 Ra2 44. Nxa3 Nf4+ 45. Kg3 Ne2+ 46. Kh4 Nc3 47. Kxh5 Rxh2+ 48. Kg4 Ra2 49. Kf5 Ke8 50. Ke6 Kd8 51. f4 Kc8 52. f5 1-0


[Site "https://www.chess.com"]

[Event "Titled Tuesday Blitz June 14 Early 2022"]
[White "Karacsonyi, Gellert"]
[Black "Oparin, Grigoriy"]
[WhiteFideId "764620"]
[BlackFideId "24125890"]
[WhiteElo "2187"]
[BlackElo "2639"]
[Result "1-0"]
[Round "06"]
[TimeControl "180+1"]
[Date "2022.06.14"]
[WhiteClock "0:00:09"]
[BlackClock "0:00:16"]

1. e4 c5 2. Nf3 d6 3. d4 cxd4 4. Nxd4 Nf6 5. Nc3 Nc6 6. Bg5 e6 7. Qd2 a6 8. O-O-O Bd7 9. f4 Be7 10. Be2 h6 11. Bxf6 Bxf6 12. Nxc6 Bxc6 13. Bf3 e5 14. Qxd6 Qxd6 15. Rxd6 Ke7 16. Rd3 exf4 17. Nd5+ Bxd5 18. Rxd5 Rhd8 19. Rhd1 Rxd5 20. Rxd5 Rc8 21. c3 g6 22. Kc2 h5 23. a4 Ke6 24. Kd3 Be5 25. h3 f6 26. Bd1 Ke7 27. Bb3 Rh8 28. Bd1 Rg8 29. Kc4 Re8 30. Kc5 Bc7 31. Bf3 Rc8 32. Kc4 Bd6+ 33. Kd3 Rh8 34. b4 Rc8 35. b5 a5 36. b6 Be5 37. c4 Bd6 38. Rxa5 Bc5 39. Ra7 Kd6 40. Rxb7 Ra8 41. Rf7 Rxa4 42. Rxf6+ Ke5 43. Rxg6 Ra3+ 44. Kc2 Ra2+ 45. Kb3 Ra3+ 46. Kb2 Ra4 47. Rg5+ Kd6 48. b7 Ba7 49. e5+ Kc5 50. Rg8 Kxc4 51. b8=Q Bxb8 52. Rxb8 Ra6 53. Rd8 Kc5 54. Rd6 Ra7 55. Rd5+ Kc4 56. e6 Re7 57. Re5 Kd4 58. Rxh5 Rxe6 59. Kc2 Ke3 60. Kc3 Re8 61. Kc4 Rd8 62. Re5+ Kf2 63. Rd5 Re8 64. Kd4 Kg3 65. Rg5+ Kf2 66. Re5 Rb8 67. Ke4 Rb4+ 68. Kf5 Kg3 69. Kg5 Rb8 70. Rf5 Rg8+ 71. Kf6 Rf8+ 72. Ke6 Re8+ 73. Kf7 Rb8 74. Rg5+ Kf2 75. Rg4 Ke3 76. h4 Rh8 77. Kg7 Rd8 78. h5 Rd7+ 79. Kg6 Rd6+ 80. Kg5 Rd8 81. h6 Rg8+ 82. Kh5 Rh8 83. Rg7 1-0


[Site "https://www.chess.com"]

[Event "Titled Tuesday Blitz June 14 Early 2022"]
[White "Kobalia, Mikhail"]
[Black "Sjugirov, Sanan"]
[WhiteFideId "4119150"]
[BlackFideId "4189302"]
[WhiteElo "2667"]
[BlackElo "2602"]
[Result "0-1"]
[Round "06"]
[TimeControl "180+1"]
[Date "2022.06.14"]
[WhiteClock "0:00:20"]
[BlackClock "0:00:17"]

1. e4 c6 2. d4 d5 3. exd5 cxd5 4. Bd3 Nf6 5. c3 Qc7 6. Ne2 Bg4 7. O-O e6 8. Bf4 Bd6 9. Bxd6 Qxd6 10. Nd2 O-O 11. Qe1 Bh5 12. Ng3 Bg6 13. Bxg6 hxg6 14. Nf3 Nc6 15. Ne5 Qc7 16. f4 Ne7 17. Rf3 Nc6 18. Nf1 Nxe5 19. fxe5 Ne4 20. Ng3 Nxg3 21. Qxg3 Qe7 22. Raf1 b5 23. a3 a5 24. Qg4 b4 25. axb4 axb4 26. h4 bxc3 27. bxc3 Ra2 28. h5 g5 29. Rf6 Rb8 30. Rxf7 Qxf7 31. Rxf7 Kxf7 32. Qxg5 Rbb2 33. Qg6+ Kf8 34. Kh2 Rc2 35. h6 Rxg2+ 36. Qxg2 Rxg2+ 37. Kxg2 gxh6 38. Kf3 Kg7 0-1


[Site "https://www.chess.com"]

[Event "Titled Tuesday Blitz June 14 Early 2022"]
[White "Korchmar, Vasiliy"]
[Black "Indjic, Aleksandar"]
[WhiteFideId "24131750"]
[BlackFideId "911925"]
[WhiteElo "2370"]
[BlackElo "2616"]
[Result "1-0"]
[Round "06"]
[TimeControl "180+1"]
[Date "2022.06.14"]
[WhiteClock "0:00:04"]
[BlackClock "0:00:35"]

1. e4 e5 2. Nf3 Nc6 3. Nc3 Nf6 4. h3 Bb4 5. Nd5 O-O 6. Nxb4 Nxb4 7. c3 Nc6 8. d3 d5 9. Qc2 h6 10. Be2 a5 11. a4 b6 12. O-O Re8 13. Rd1 Ba6 14. b3 Qd7 15. Nh4 Ne7 16. Be3 c5 17. d4 Bxe2 18. Qxe2 Nxe4 19. Rac1 Nxc3 20. Rxc3 exd4 21. Bxd4 cxd4 22. Rg3 Ng6 23. Qh5 Nf4 24. Rxg7+ Kxg7 25. Nf5+ Kf6 26. Qh4+ Kg6 27. Qg4+ Kf6 28. Qg7+ Kxf5 29. g4+ Ke4 30. Qxd4+ Kf3 31. Qc3+ Nd3 32. Rxd3+ Kf4 33. Rf3+ Kg5 34. Qf6# 1-0


[Site "https://www.chess.com"]

[Event "Titled Tuesday Blitz June 14 Early 2022"]
[White "Kosakowski, Jakub"]
[Black "Harvey, Marcus R"]
[WhiteFideId "1185080"]
[BlackFideId "400092"]
[WhiteElo "2476"]
[BlackElo "2485"]
[Result "1-0"]
[Round "06"]
[TimeControl "180+1"]
[Date "2022.06.14"]
[WhiteClock "0:00:35"]
[BlackClock "0:00:03"]

1. Nf3 d5 2. b3 Nf6 3. Bb2 e6 4. e3 Bd6 5. d4 b6 6. Bd3 Bb7 7. O-O Nbd7 8. Nbd2 a6 9. Ne5 Qe7 10. f4 Ne4 11. c4 Ndf6 12. Rc1 c5 13. cxd5 exd5 14. Nxe4 dxe4 15. Bc4 O-O 16. Ng4 Ne8 17. dxc5 Bxc5 18. Nh6+ Kh8 19. Nf5 Qd8 20. Qg4 f6 21. b4 b5 22. Rfd1 Bd6 23. Rxd6 Qb8 24. Bb3 Bc8 25. Rdc6 Bd7 26. Be6 Bxc6 27. Rxc6 Qb7 28. Bd5 Qd7 29. Bxe4 Rd8 30. Qe2 Qd1+ 31. Qf1 Qxf1+ 32. Kxf1 1-0


[Site "https://www.chess.com"]

[Event "Titled Tuesday Blitz June 14 Early 2022"]
[White "Kowalczyk, Pawel"]
[Black "Stribuk, Artiom"]
[WhiteFideId "1130641"]
[BlackFideId "13515659"]
[WhiteElo "2344"]
[BlackElo "2259"]
[Result "1/2-1/2"]
[Round "06"]
[TimeControl "180+1"]
[Date "2022.06.14"]
[WhiteClock "0:00:21"]
[BlackClock "0:00:06"]

1. e4 c5 2. Ne2 Nc6 3. g3 g6 4. Bg2 Bg7 5. c3 e5 6. O-O d6 7. Na3 Nge7 8. Nc2 O-O 9. d4 exd4 10. cxd4 Bg4 11. f3 Bd7 12. Bf4 d5 13. dxc5 dxe4 14. fxe4 Bg4 15. Bd6 Bxb2 16. Rb1 Be5 17. Rxb7 Bxe2 18. Qxe2 Bxd6 19. cxd6 Qxd6 20. Rd1 Qc5+ 21. Qf2 Qe5 22. Ne3 Rab8 23. Rxb8 Rxb8 24. Rf1 Rf8 25. Nd5 Kg7 26. Rb1 Nc8 27. Rc1 Nd4 28. Rc7 Ne6 29. Rb7 a5 30. h4 h5 31. a4 Nd6 32. Qb2 Qxb2 33. Rxb2 Nc5 34. Rb6 Rd8 35. e5 Nf5 36. Rb5 Nxa4 37. Rxa5 Nb2 38. Ra7 Kf8 39. Nf4 Nd3 40. e6 Ne7 41. Nxd3 Rxd3 42. Ra8+ Kg7 43. exf7 Kxf7 44. Kf2 Nf5 45. Ra7+ Kf6 46. Ra6+ Rd6 47. Ra3 Nd4 48. Be4 Nf5 49. Kf3 Ne7 50. Ra8 Nf5 51. Kf4 Ne7 52. Re8 Re6 53. Ra8 Rd6 54. Rf8+ Kg7 55. Re8 Kf6 56. Rf8+ Kg7 57. Rb8 Kf6 58. Rb5 Re6 59. Rg5 Rd6 60. Ra5 Re6 61. Bf3 Rd6 62. Be4 Re6 63. Ra4 Rd6 64. g4 hxg4 65. Kxg4 Re6 66. Kf4 Rd6 67. Ra7 Re6 68. Bf3 Rd6 69. Bg4 Rd4+ 70. Kg3 Rd3+ 71. Kg2 Rd2+ 72. Kf3 Rd3+ 73. Ke4 Rd6 74. Ra8 Rc6 75. Rf8+ Kg7 76. Rf1 Rc4+ 77. Kf3 Nd5 78. Kg3 Rxg4+ 79. Kxg4 Ne3+ 80. Kg5 Nxf1 81. h5 gxh5 82. Kxh5 1/2-1/2


[Site "https://www.chess.com"]